[Event "TCh-ESP Div Honor 2016"]
[White "Magem Badals, Jordi"]
[Black "Fedorchuk, Sergey A"]
[Site "Monzon"]
[Result "1/2-1/2"]
[Date "2016.10.02"]
[WhiteElo "2543"]
[BlackElo "2623"]
[PlyCount "95"]
[TimeControl "60"]

1. e4 c5 2. Nf3 e6 3. d4 cxd4 4. Nxd4 a6 5. c4 b6 6. Nc3 Bb7 7. Be2 Nf6 8. e5 Ne4 9. Nxe4 Bxe4 10. 0-0 Nc6 11. Bf3 Bxf3 12. Nxf3 Qc7 13. Re1 Be7 14. Bf4 0-0 15. Qd3 b5 16. Rad1 bxc4 17. Qxc4 Rfb8 18. b3 Rb4 19. Qc1 a5 20. Rd3 Rb7 21. Red1 Qc8 22. h4 Rc7 23. Qd2 Raa7 24. Bg5 Bf8 25. Qe2 Nb4 26. R3d2 a4 27. Nd4 axb3 28. axb3 Nd5 29. Nb5 Nc3 30. Nxc3 Rxc3 31. Qb5 Rc5 32. Qe2 Rb7 33. Qe4 Rcc7 34. Rd3 Rb4 35. Qf3 h6 36. Bf4 Qb7 37. Qxb7 Rcxb7 38. g3 Rxb3 39. Rxb3 Rxb3 40. Rxd7 Bc5 41. h5 Rb2 42. Rd2 Rxd2 43. Bxd2 Bd4 44. Bf4 Kf8 45. g4 Ke8 46. Kg2 Kd7 47. Kf3 Ke7 48. Ke4 1/2-1/2

[Event "TCh-ESP Div Honor 2016"]
[White "Forcen Esteban, Daniel"]
[Black "Svetushkin, Dmitry"]
[Site "Monzon"]
[Result "1-0"]
[Date "2016.10.02"]
[WhiteElo "2540"]
[BlackElo "2543"]
[PlyCount "105"]
[TimeControl "60"]

1. c4 c6 2. d4 d5 3. Nf3 Nf6 4. e3 Bf5 5. Nc3 e6 6. Nh4 Bg6 7. Nxg6 hxg6 8. Rb1 a5 9. a3 Nbd7 10. g3 Be7 11. c5 e5 12. Bg2 Qc7 13. b4 axb4 14. axb4 Nf8 15. f4 exf4 16. exf4 Ne6 17. 0-0 Qd7 18. Re1 Kf8 19. Be3 Nc7 20. Ra1 Re8 21. Ra7 Qc8 22. Bf3 Ne4 23. Nxe4 dxe4 24. Bxe4 Nb5 25. Ra1 Nc3 26. Qc2 Nxe4 27. Qxe4 Bxc5 28. Qb1 Bd6 29. b5 Rh5 30. bxc6 bxc6 31. Qc2 Qd7 32. Ra6 c5 33. dxc5 Bc7 34. c6 Qd5 35. Qg2 Qc4 36. Qf1 Qb3 37. Qf2 Kg8 38. Raa1 Rb5 39. Bd4 Rd8 40. Be3 Qd5 41. Qc2 Rc8 42. Rad1 Qf3 43. Rc1 Bb6 44. Bxb6 Rxb6 45. c7 Rb7 46. Qd2 Kh7 47. Qd7 Rb2 48. Qh3+ Qh5 49. Qxh5+ gxh5 50. Re7 Kg6 51. Rd7 Rb7 52. Kg2 f6 53. Rc6 1-0

[Event "TCh-ESP Div Honor 2016"]
[White "Gonzalez De La Torre, Santiago"]
[Black "Cuenca Jimenez, Jose Fernando"]
[Site "Monzon"]
[Result "1-0"]
[Date "2016.10.02"]
[WhiteElo "2459"]
[BlackElo "2529"]
[PlyCount "99"]
[TimeControl "60"]

1. e4 e6 2. d4 d5 3. Nc3 Nf6 4. Bg5 Be7 5. e5 Nfd7 6. Bxe7 Qxe7 7. Qd2 a6 8. Nd1 c5 9. c3 Nc6 10. f4 0-0 11. Nf3 f6 12. Nf2 b5 13. Bd3 Nb6 14. 0-0 Bd7 15. exf6 gxf6 16. Rae1 cxd4 17. cxd4 Qg7 18. b3 Kh8 19. Bb1 f5 20. Rc1 Nc8 21. Ne5 Nxe5 22. dxe5 Na7 23. Rc7 Rfc8 24. Rfc1 Qe7 25. Qe3 Rxc7 26. Rxc7 Nc6 27. Qb6 Qd8 28. Rb7 Qc8 29. Nd3 Rb8 30. Rxb8 Nxb8 31. Nc5 Kg7 32. b4 Kf7 33. Bxf5 exf5 34. Qf6+ Kg8 35. e6 Qe8 36. Qg5+ Kh8 37. Qxf5 Bc6 38. Qe5+ Kg8 39. f5 Qf8 40. f6 h6 41. Qg3+ Kh7 42. Qd3+ Kh8 43. Qg6 Be8 44. f7 Bxf7 45. exf7 Qg7 46. Qf5 Qd4+ 47. Kf1 Qd1+ 48. Kf2 Qd2+ 49. Kf3 Qc3+ 50. Nd3 1-0

[Event "TCh-ESP Div Honor 2016"]
[White "Argandona Riveiro, Inigo"]
[Black "Vazquez Torres, Adrian"]
[Site "Monzon"]
[Result "0-1"]
[Date "2016.10.02"]
[WhiteElo "2453"]
[BlackElo "2207"]
[PlyCount "142"]
[TimeControl "60"]

1. Nf3 Nf6 2. c4 c5 3. g3 b6 4. Bg2 Bb7 5. 0-0 Nc6 6. d4 Nxd4 7. Nxd4 Bxg2 8. Kxg2 cxd4 9. Qxd4 g6 10. Nc3 Bg7 11. Bg5 0-0 12. Qh4 Re8 13. Rac1 Rc8 14. b3 Rc5 15. Rfd1 Qc8 16. e4 h6 17. Bxf6 Bxf6 18. Qg4 Bxc3 19. Rxc3 d6 20. Qf4 g5 21. Qe3 Qe6 22. Rd5 Rec8 23. Rcd3 f6 24. Qf3 Kg7 25. Re3 Qf7 26. Qg4 h5 27. Qf3 Qg6 28. h4 gxh4 29. Qf4 e5 30. Qxh4 Rxd5 31. exd5 Rc7 32. Re1 Kf8 33. Qh3 f5 34. Qh4 Ke8 35. a4 Rf7 36. a5 f4 37. axb6 axb6 38. Ra1 Kf8 39. Ra8+ Kg7 40. Re8 Rf6 41. Re7+ Kf8 42. Rb7 fxg3 43. Rb8+ Kf7 44. Rb7+ Ke8 45. Rb8+ Ke7 46. f3 Qf5 47. Kxg3 Qxf3+ 48. Kh2 Qe2+ 49. Kh1 Qd1+ 50. Kh2 Qe2+ 51. Kh1 Qd1+ 52. Kh2 Qc2+ 53. Kh1 Qg6 54. Rxb6 Kf8 55. Rb8+ Kg7 56. Qe1 Kh7 57. Rb7+ Kh6 58. Re7 Qd3 59. Re6 Rxe6 60. dxe6 Qh3+ 61. Kg1 Qxe6 62. Qc1+ Kg6 63. b4 Qg4+ 64. Kh1 Qf3+ 65. Kg1 e4 66. b5 Qg3+ 67. Kh1 e3 68. Qg1 h4 69. b6 e2 70. Qb1+ Kg5 71. Qb5+ Qe5 0-1

[Event "TCh-ESP Div Honor 2016"]
[White "Corral Blanco, Juan Antonio"]
[Black "Del Rio De Angelis, Salvador G"]
[Site "Monzon"]
[Result "1/2-1/2"]
[Date "2016.10.02"]
[WhiteElo "2420"]
[BlackElo "2516"]
[PlyCount "65"]
[TimeControl "60"]

1. Nf3 d5 2. c4 e6 3. g3 Nf6 4. Bg2 Be7 5. 0-0 0-0 6. b3 c5 7. Bb2 Nc6 8. e3 dxc4 9. bxc4 Qb6 10. Qb3 Na5 11. Qxb6 axb6 12. Na3 Rd8 13. Rfd1 Bd7 14. d3 Ne8 15. Rd2 Nd6 16. Bc3 Nc6 17. Nb5 Nxb5 18. cxb5 Nb4 19. a4 Nd5 20. Bb2 Bf6 21. Ne5 Ra7 22. Nc4 Bxb5 23. axb5 Rxa1+ 24. Bxa1 Bxa1 25. Ra2 Bf6 26. Ra7 Nc7 27. Rxb7 Nxb5 28. Rxb6 Nc3 29. Bf1 Nd5 30. Rb5 Be7 31. Rb7 Kf8 32. Ne5 Nb4 33. Rd7 1/2-1/2

[Event "TCh-ESP Div Honor 2016"]
[White "Vega Gutierrez, Sabrina"]
[Black "Sgircea, Silvia-Raluca"]
[Site "Monzon"]
[Result "1-0"]
[Date "2016.10.02"]
[WhiteElo "2411"]
[BlackElo "2286"]
[PlyCount "93"]
[TimeControl "60"]

1. e4 c5 2. Nf3 Nc6 3. d4 cxd4 4. Nxd4 g6 5. c4 Nf6 6. Nc3 d6 7. Be2 Nxd4 8. Qxd4 Bg7 9. Be3 0-0 10. Qd2 a5 11. f3 Be6 12. Rc1 Nd7 13. 0-0 Nc5 14. b3 Qb6 15. Nb5 Rfc8 16. Rfd1 Bd7 17. Qe1 Bh6 18. Bf1 Bxe3+ 19. Qxe3 Bxb5 20. cxb5 Nd7 21. Kf2 Kg7 22. g3 Qxe3+ 23. Kxe3 Nc5 24. Bh3 Rd8 25. e5 Kf8 26. f4 Ke8 27. exd6 exd6 28. Kd4 Ke7 29. Re1+ Ne6+ 30. Kd3 Rac8 31. Bg2 Rxc1 32. Rxc1 d5 33. Re1 Kd6 34. Re5 Kc5 35. f5 gxf5 36. Rxf5 Rd7 37. Rh5 Nc7 38. Rxh7 Nxb5 39. h4 Re7 40. Rh5 Nc7 41. Rf5 Re1 42. Rxf7 Ne6 43. h5 Rd1+ 44. Ke2 Ra1 45. h6 Rxa2+ 46. Kf1 Ng5 47. Rf5 1-0

[Event "TCh-ESP Div Honor 2016"]
[White "Matnadze, Ana"]
[Black "Calzetta Ruiz, Monica"]
[Site "Monzon"]
[Result "1-0"]
[Date "2016.10.02"]
[WhiteElo "2383"]
[BlackElo "2249"]
[PlyCount "81"]
[TimeControl "60"]

1. d4 Nf6 2. Nf3 g6 3. g3 c5 4. d5 b5 5. a4 b4 6. c4 bxc3 7. bxc3 Bg7 8. Bg2 0-0 9. 0-0 Bb7 10. Ne1 Na6 11. Nc2 Rb8 12. h3 d6 13. Bg5 h6 14. Bf4 Nc7 15. e4 Re8 16. Nba3 Nh5 17. Bd2 e6 18. Ne3 exd5 19. exd5 Nf6 20. c4 Ne4 21. Ba5 Qd7 22. Qg4 Qxg4 23. Nxg4 Na6 24. Rae1 f5 25. Nb5 h5 26. Ne3 Bf8 27. g4 Bc8 28. gxh5 gxh5 29. Bf3 Nb4 30. Kh2 Nd3 31. Rg1+ Kh7 32. Bxh5 Nxe1 33. Bxe1 Re5 34. Bg6+ Kh6 35. f4 Re7 36. Bxf5 Bxf5 37. Nxf5+ Kh7 38. Nxe7 Bxe7 39. Rg2 Rf8 40. Re2 Rxf4 41. Bg3 1-0

[Event "TCh-ESP Div Honor 2016"]
[White "Ramiro Ovejero, Juan Luis"]
[Black "Perez Candelario, Manuel"]
[Site "Monzon"]
[Result "1/2-1/2"]
[Date "2016.10.02"]
[WhiteElo "2379"]
[BlackElo "2574"]
[PlyCount "160"]
[TimeControl "60"]

1. e4 e5 2. Nf3 Nc6 3. Bc4 Nf6 4. d3 Bc5 5. c3 0-0 6. h3 d5 7. exd5 Nxd5 8. 0-0 Nb6 9. Bb5 Bd6 10. Re1 Re8 11. d4 exd4 12. Rxe8+ Qxe8 13. cxd4 a6 14. Bd3 Nb4 15. Nc3 Nxd3 16. Qxd3 Qe6 17. Bd2 Qf5 18. Qxf5 Bxf5 19. Re1 Nc4 20. Bc1 Rd8 21. a3 Kf8 22. Ne4 Be7 23. Nc5 Bc8 24. Bf4 Nd6 25. Rc1 c6 26. Bxd6 Bxd6 27. Rc3 Re8 28. Re3 f6 29. Kf1 b6 30. Na4 Bc7 31. Rxe8+ Kxe8 32. Ke2 a5 33. Ke3 Be6 34. Nc3 Kd7 35. h4 Bf7 36. Nd2 Ke6 37. Ne2 h5 38. Ke4 g5 39. Nf3 Bg6+ 40. Ke3 Bd8 41. hxg5 fxg5 42. Ne5 Be8 43. Ke4 Kf6 44. f4 Be7 45. g4 h4 46. Nf3 Bg6+ 47. Ke3 gxf4+ 48. Nxf4 Bc2 49. d5 Bc5+ 50. Kd2 Be4 51. Nh5+ Ke7 52. Nxh4 cxd5 53. Ng3 Kf6 54. Nhf5 Kg5 55. Ne3 Kf4 56. Ne2+ Kf3 57. Ng1+ Kf4 58. Ne2+ Ke5 59. Ng3 Bf3 60. Kd3 Kf4 61. Nh5+ Ke5 62. Ng3 d4 63. Nc4+ Kd5 64. g5 b5 65. Nxa5 Bd6 66. Ne2 Be4+ 67. Kd2 Be7 68. Nb3 Bxg5+ 69. Kd1 Be3 70. Nd2 Bg6 71. b3 Bh5 72. Ke1 Bg5 73. a4 b4 74. Nc1 Bg6 75. Ke2 Bc2 76. Nd3 Be7 77. Nf4+ Kc6 78. Nd3 Bd6 79. Nc4 Be7 80. Kd2 Bb1 1/2-1/2

[Event "TCh-ESP Div Honor 2016"]
[White "Plazuelo Pascual, Juan"]
[Black "Franco Alonso, Alejandro"]
[Site "Monzon"]
[Result "1-0"]
[Date "2016.10.02"]
[WhiteElo "2293"]
[BlackElo "2426"]
[PlyCount "63"]
[TimeControl "60"]

1. d4 Nf6 2. c4 e6 3. Nf3 b6 4. e3 Bb7 5. Bd3 d5 6. 0-0 dxc4 7. Bxc4 a6 8. Qe2 Nbd7 9. Rd1 c5 10. dxc5 Bxc5 11. a3 Qc7 12. Nbd2 Bd6 13. h3 0-0 14. b4 Ne5 15. Bb2 Bxf3 16. gxf3 b5 17. Bb3 Qe7 18. f4 Ng6 19. Bxf6 gxf6 20. Ne4 Rad8 21. Qb2 e5 22. f5 Nh4 23. Qe2 Nxf5 24. Qh5 Ng7 25. Qh6 Ne8 26. Kh1 Kh8 27. Rg1 f5 28. Rg7 Nxg7 29. Nf6 Qxf6 30. Qxf6 Rfe8 31. Rg1 Bf8 32. Qxf7 1-0

[Event "TCh-ESP Div Honor 2016"]
[White "Hernandez Estevez, Yudania"]
[Black "Rudolf, Anna"]
[Site "Monzon"]
[Result "0-1"]
[Date "2016.10.02"]
[WhiteElo "2224"]
[BlackElo "2247"]
[PlyCount "128"]
[TimeControl "60"]

1. e4 e5 2. Nf3 Nc6 3. Bb5 a6 4. Ba4 Nge7 5. c3 g6 6. d4 exd4 7. cxd4 b5 8. Bb3 Bg7 9. Nc3 Na5 10. 0-0 0-0 11. Re1 d6 12. h3 Nxb3 13. Qxb3 c5 14. Be3 c4 15. Qc2 d5 16. e5 Bf5 17. Qd2 Qd7 18. Bg5 Rfe8 19. Qf4 b4 20. Ne2 Bd3 21. g4 Nc6 22. Ng3 Nd8 23. Bh6 Ne6 24. Qe3 a5 25. Kh2 Kh8 26. Rg1 Rg8 27. Bxg7+ Rxg7 28. Ne1 Qa7 29. Nxd3 cxd3 30. Qxd3 Qxd4 31. Qxd4 Nxd4 32. Rgd1 Nf3+ 33. Kg2 Nxe5 34. Rxd5 f6 35. Rad1 Raa7 36. Ne4 Nd7 37. Rb5 Re7 38. Rd4 Kg7 39. Kg3 Ne5 40. Nd6 Red7 41. Rbd5 g5 42. f4 gxf4+ 43. Kxf4 Ng6+ 44. Kg3 Kf8 45. h4 Ne7 46. Rb5 Rd8 47. g5 Rad7 48. gxf6 Nc6 49. Rf4 Rxd6 50. a3 bxa3 51. bxa3 Rd3+ 52. Kg4 Rxa3 53. Rb6 Rd5 54. Rf1 Ne5+ 55. Kf4 Ra4+ 56. Kg3 Rd3+ 57. Kg2 Rg4+ 58. Kh2 Rxh4+ 59. Kg2 Rg4+ 60. Kh2 Rb4 61. Rxb4 axb4 62. Rf4 b3 63. Rb4 Kf7 64. Rb6 Nd7 0-1

[Event "TCh-ESP Div Honor 2016"]
[White "Rodrigo Yanguas, Maria"]
[Black "Etchegaray, Patrice"]
[Site "Monzon"]
[Result "0-1"]
[Date "2016.10.02"]
[WhiteElo "2100"]
[BlackElo "2366"]
[PlyCount "90"]
[TimeControl "60"]

1. e4 Nf6 2. e5 Nd5 3. d4 d6 4. c4 Nb6 5. exd6 cxd6 6. Nc3 g6 7. Be3 Bg7 8. Rc1 0-0 9. b3 Bf5 10. Nf3 Bg4 11. Be2 d5 12. c5 Nc8 13. b4 a6 14. a4 Nc6 15. b5 axb5 16. axb5 Na5 17. Ra1 Bxf3 18. Bxf3 e6 19. 0-0 Ne7 20. Bg5 h6 21. Bh4 g5 22. Bg3 Nf5 23. Be5 Bxe5 24. dxe5 Qc7 25. Qd3 Qxe5 26. Rfe1 Qd4 27. Qc2 Qxc5 28. Qb2 Nc4 29. Qc1 Nd4 30. Bd1 Nxb5 31. Nxb5 Qxb5 32. Rb1 Qa5 33. Re2 b5 34. h4 Qa3 35. Qc2 Qe7 36. hxg5 Na3 37. Qb2 Nxb1 38. gxh6 f6 39. Qxb1 Kh8 40. Qxb5 Ra1 41. Qd3 Rc8 42. Rb2 Qh7 43. Qd2 Qe4 44. Kh2 Rxd1 45. Qxd1 Qe5+ 0-1

[Event "TCh-ESP Div Honor 2016"]
[White "Buiza Prieto, Eihartze"]
[Black "Perez De Aranda A, Leonardo I"]
[Site "Monzon"]
[Result "1-0"]
[Date "2016.10.02"]
[WhiteElo "2093"]
[BlackElo "2099"]
[PlyCount "71"]
[TimeControl "60"]

1. e4 c5 2. Nf3 d6 3. d4 cxd4 4. Nxd4 Nf6 5. Nc3 a6 6. Be2 e5 7. Nb3 Be7 8. 0-0 0-0 9. Be3 Be6 10. Qd2 Nbd7 11. a4 Rc8 12. a5 Qc7 13. Rfc1 Rfe8 14. Bf3 Nc5 15. Nxc5 dxc5 16. Nd5 Bxd5 17. exd5 e4 18. Be2 Qe5 19. c4 Bd6 20. g3 Qf5 21. Qd1 h5 22. Rab1 g6 23. b4 cxb4 24. c5 Bf8 25. d6 Rcd8 26. Rxb4 Nd5 27. Rxb7 Nxe3 28. fxe3 Bh6 29. Qb3 Rf8 30. Kg2 Qg5 31. h4 Qxe3 32. Qxe3 Bxe3 33. Rc2 f5 34. c6 Rxd6 35. c7 Rc8 36. Rb8 1-0